Map: Jagannatha LE

Players

Elazer

  • Race: Zerg Zerg

Reynor - Winner!

  • Race: Zerg Zerg

Event: DreamHack SC2 Masters 2021 Winter

VOD

Have the link to the VOD?

Description

Time

  • Played on: Sept. 29, 2021, 12:13 p.m.
  • Length: 7:18

All games in this series

Show
View Real Time Build Order
Export as new Build Order

Elazer Zerg 

Build Orders: Hatch First 

Get SALT Encoding   

  12  0:00  Drone  
  13  0:12  Overlord  
  13  0:17  Drone  
  14  0:30  Drone x2  
  16  0:49  Hatchery  
  15  0:51  Drone  
  15  0:54  Drone  
  17  0:58  Drone  
  18  1:05  Extractor  
  17  1:13  Spawning Pool  
  17  1:17  Drone  
  17  1:20  Drone  
  18  1:28  Drone  
  19  1:38  Drone  
  20  1:49  Drone  
  21  2:00  Queen x2  
  25  2:02  Drone, Overlord  
  25  2:06  Metabolic Boost  
  26  2:11  Drone  
  26  2:12  Drone  
  28  2:23  Zergling x2  
  28  2:24  Drone  
  30  2:33  Hatchery  
  29  2:37  Drone  
  29  2:40  Drone  
  31  2:46  Overlord  
  31  2:47  Drone  
  32  2:55  Zergling x4  
  34  3:05  Zergling x4  
  36  3:09  Zergling x12  
  36  3:12  Baneling Nest  
  41  3:20  Queen  
  41  3:22  Overlord  
  43  3:28  Zergling x2  
  43  3:44  Zergling x16  
  49  3:49  Zergling x6  
  46  3:58  Zergling x6  
  41  4:05  Queen  
  41  4:08  Zergling x2  
  43  4:12  Zergling x4  
  43  4:14  Baneling x2  
  45  4:21  Baneling x4  
  45  4:24  Zergling x4  
  44  4:31  Zergling x6  
  46  4:40  Zergling x6  
  45  4:49  Zergling x8  
  48  4:56  Zergling x6  
  50  5:03  Zergling x6  
  50  5:04  Baneling x2  
  52  5:10  Baneling x3  
  49  5:19  Zergling x10  
  43  5:27  Zergling x6  
  37  5:37  Zergling x8  
  41  5:43  Drone x2  
  42  5:52  Drone x2  
  39  6:00  Drone x2  
  39  6:03  Drone  
  41  6:11  Drone x3  
  41  6:25  Zergling x10  
  45  6:32  Baneling x2  
  41  6:45  Zergling x12  
  47  6:51  Baneling  
  47  6:52  Baneling  
Show
View Real Time Build Order
Export as new Build Order

Reynor Zerg - Winner!

Build Orders: Hatch First, Zergling Baneling 

Get SALT Encoding   

  12  0:00  Drone  
  13  0:12  Overlord  
  13  0:16  Drone  
  14  0:30  Drone x2  
  16  0:48  Hatchery  
  15  0:52  Drone  
  15  0:55  Drone  
  17  0:58  Drone  
  18  1:09  Extractor  
  17  1:15  Spawning Pool  
  17  1:17  Drone  
  17  1:20  Drone  
  18  1:28  Drone  
  19  1:39  Drone  
  20  1:49  Drone  
  21  1:59  Overlord  
  21  2:02  Zergling x2, Queen x2  
  26  2:09  Metabolic Boost  
  26  2:10  Drone  
  26  2:12  Drone  
  28  2:21  Drone  
  29  2:25  Drone  
  30  2:39  Baneling Nest  
  30  2:40  Hatchery  
  29  2:44  Drone  
  29  2:45  Drone  
  29  2:51  Drone  
  31  2:55  Overlord  
  31  2:57  Zergling x2  
  32  2:58  Zergling x2  
  32  3:05  Zergling x4  
  35  3:12  Zergling x2  
  36  3:13  Zergling x6  
  36  3:14  Zergling x2  
  36  3:18  Zergling x2  
  41  3:24  Baneling x2  
  41  3:25  Overlord  
  41  3:26  Baneling x2  
  41  3:27  Zergling x2  
  42  3:36  Zergling x4  
  44  3:43  Queen  
  45  3:52  Zergling x12  
  50  3:57  Zergling x6  
  47  4:13  Zergling x8  
  49  4:17  Baneling  
  49  4:18  Zergling x4  
  51  4:25  Zergling x6  
  51  4:31  Baneling x4  
  50  4:34  Zergling x10  
  54  4:42  Drone x4  
  57  4:47  Overlord  
  57  4:52  Drone x2  
  56  4:55  Baneling x3  
  55  5:09  Zergling x10  
  57  5:19  Zergling x12  
  58  5:27  Zergling x4  
  57  5:31  Zergling x10  
  57  5:32  Baneling x2  
  59  5:41  Zergling x4  
  59  5:42  Baneling x3  
  60  5:45  Zergling x2  
  59  5:54  Zergling x6  
  61  5:59  Zergling x2  
  61  6:03  Zergling x4  
  54  6:08  Roach Warren, Extractor  
  51  6:12  Baneling x2  
  51  6:13  Baneling  
  51  6:14  Drone x3, Queen  
  51  6:16  Drone x3  
  51  6:18  Zergling x2  
  60  6:22  Overlord  
  60  6:30  Baneling x2  
  56  6:37  Overlord  
  54  6:40  Zergling x14  
  61  6:47  Baneling  
  61  6:48  Drone x2  
  61  6:49  Drone  
  61  6:51  Roach x2  
  68  7:00  Zergling x6  

Tags
 
Add a new tag
Caveats
  • Supply blocks, unpowered buildings, or Contaminate may cause inaccurate times.
  • Supply counts are checked every 10 seconds.